 Dungeon Crawl Stone Soup version 0.31.0-11-ge490571c62 (webtiles) character file.

Game seed: 15031960120569775661

11 Ashen the Sneak (level 2, -1/20 HPs)
             Began as a Gnoll Enchanter on Feb 7, 2024.
             Slain by a gnoll
             ... wielding a +0 spear
              (9 damage)
             ... on level 1 of the Dungeon.
             The game lasted 00:01:45 (271 turns).

Ashen the Sneak (Gnoll Enchanter)                    Turns: 271, Time: 00:01:45

Health: -1/20      AC:  2    Str:  7    XL:     2   Next: 29%
Magic:  7/7        EV: 13    Int: 14    God:
Gold:   0          SH:  0    Dex: 12    Spells: 10/10 levels left

rFire   . . .        a - +1 dagger
rCold   . . .        (no shield)
rNeg    . . .        b - +0 robe
rPois   .            (no helmet)
rElec   .            (no cloak)
rCorr   .            (no gloves)
SInv    .            (no boots)
Will    .....        (no amulet)
Stlth   +++          d - ring of wizardry
HPRegen 0.23/turn    (no ring)
MPRegen 0.10/turn

%: wizardry (x1)
@: no status effects
A: fangs 1, strong nose, distributed training
a: no special abilities


You were on level 1 of the Dungeon.
You visited 1 branch of the dungeon, and saw 1 of its levels.

Inventory:

Hand Weapons
 a - a +1 dagger (weapon)
Armour
 b - a +0 robe (worn)
Jewellery
 d - a ring of wizardry (left hand)
Scrolls
 e - a scroll of teleportation {unknown}
Potions
 c - 2 potions of invisibility


   Skills:
 + Level 0.4 Fighting
 + Level 2.5 Short Blades
 + Level 0.4 Long Blades
 + Level 0.4 Axes
 + Level 0.4 Maces & Flails
 + Level 0.4 Polearms
 + Level 0.4 Staves
 + Level 0.4 Ranged Weapons
 + Level 0.4 Throwing
 + Level 0.4 Armour
 + Level 4.5 Dodging
 + Level 5.9 Stealth
 + Level 0.4 Shields
 + Level 0.4 Unarmed Combat
 + Level 4.9 Spellcasting
 + Level 0.2 Conjurations
 + Level 5.3 Hexes
 + Level 0.2 Summonings
 + Level 0.2 Necromancy
 + Level 0.2 Translocations
 + Level 0.2 Fire Magic
 + Level 0.2 Ice Magic
 + Level 0.2 Air Magic
 + Level 0.2 Earth Magic
 + Level 0.2 Alchemy
 + Level 0.5 Invocations
 + Level 0.4 Evocations
 + Level 0.3 Shapeshifting


You had 10 spell levels left.
You didn't know any spells.
Your spell library contained the following spells:

 Spells                   Type           Power      Damage    Failure   Level
 Confusing Touch          Hex            18%        N/A       2%          3
 Tukima's Dance           Hex            18%        N/A       2%          3
 Ensorcelled Hibernation  Hex/Ice        22%        N/A       3%          2
 Dazzling Flash           Conj/Hex       22%        N/A       7%          3


Dungeon Overview and Level Annotations

Branches:
Dungeon (1/15)

Altars:


Innate Abilities, Weirdness & Mutations

You have very sharp teeth.
Your uncanny sense of smell can sniff out nearby items.
Your experience applies equally to all skills.


Message History

You impale the ball python!!
You kill the ball python!
The ball python hisses angrily.
The ball python barely misses you. The ball python closely misses you.
You hit the ball python but do no damage.
Your bite misses the ball python. The ball python bites you.
The ball python barely misses you.
You closely miss the ball python. The ball python misses you.
The ball python closely misses you.
You hit the ball python.
You kill the ball python!
No target in view!
A frilled lizard comes into view.
Found a scroll labelled NETAH VAMEBOLE.
A frilled lizard is nearby!
A gnoll comes into view. It is wielding a +0 spear.
Found a square steel amulet.
The gnoll shouts!
An endoplasm comes into view.
The frilled lizard closely misses you.
You miss the frilled lizard. The gnoll misses you.
The frilled lizard bites you but does no damage.
You miss the frilled lizard.
The gnoll hits you from afar with a +0 spear.
The frilled lizard completely misses you.
You hit the frilled lizard. Your bite misses the frilled lizard.
The frilled lizard is heavily wounded.
The gnoll hits you from afar with a +0 spear!
The frilled lizard bites you but does no damage.
The frilled lizard attacks as it pursues you!
The frilled lizard bites you.
The frilled lizard attacks as it pursues you!
The frilled lizard barely misses you.
You hit the frilled lizard.
You kill the frilled lizard!
The gnoll attacks as it pursues you!
The gnoll hits you from afar with a +0 spear.
The gnoll attacks as it pursues you!
The gnoll hits you from afar with a +0 spear!
You die...

.# #.#.# # .##
####.#.#######.#
..########...............
................#........
#.########.##.#.#......#.
#.# #.##.#.#........ #.#
#.##.#.†........ #†#
#.##.....†...... #.#
#.#...#@##.##... #.# ##
......#.# .# . ..#
#..#####.#g# # ###
....."...#.##.##
#..8..#J....#
#.?.....###.# ∆ #.#####.#
∆ ..# ∆ ###


You could see a gnoll and an endoplasm.

Vanquished Creatures
  2 bats (D:1)
  A goblin (D:1)
  A hobgoblin (D:1)
  5 ball pythons (D:1)
  2 frilled lizards (D:1)
  A kobold (D:1)
12 creatures vanquished.

Notes
Turn   | Place    | Note
-------+----------+-------------------------------------------
     0 | D:1      | Ashen the Gnoll Enchanter began the quest for the Orb.
     0 | D:1      | Reached XP level 1. HP: 13/13 MP: 6/6
   160 | D:1      | Reached XP level 2. HP: 18/19 MP: 7/7
   271 | D:1      | Slain by a gnoll

Illustrated notes

Levels and vault maps discovered:
D:1:      onia_arrival_mini_maze_b, layout_loops_ring, minmay_pentomino_o4

Action                     || total
---------------------------++-------
  Melee: Dagger            ||    45
         Bite              ||     3
   Stab: Sleeping          ||     4
 Armour: Robe              ||    31
  Dodge: Dodged            ||    30
